 Dungeon Crawl Stone Soup version 0.18.1-48-g4cf74bf (console) character file.

30 CALLOUS the Sneak (level 3, -4/24 HPs)
             Began as a Vampire Venom Mage on Sept 6, 2016.
             Killed from afar by Natasha (9 damage)
             ... with a magic dart
             ... on level 2 of the Dungeon.
             The game lasted 00:36:20 (1591 turns).

CALLOUS the Sneak (Vampire Venom Mage)              Turns: 1591, Time: 00:36:21

Health: -4/24      AC:  6    Str:  7    XL:     3   Next: 5%
Magic:  0/6        EV: 13    Int: 17    God:
Gold:   78         SH:  0    Dex: 15    Spells: 1 memorised, 5 levels left

rFire  . . .     SeeInvis +     (no weapon)
rCold  + . .     Gourm    .     a - +0 robe
rNeg   + + .     Faith    .     (no shield)
rPois  +         Spirit   .     (no helmet)
rElec  .         Dismiss  .     m - +2 cloak
rCorr  .         Reflect  .     (no gloves)
SustAt .         Harm     .     n - +0 pair of boots
MR     .....                    (no amulet)
Stlth  +++.......               (no ring)
                                (no ring)

@: regenerating slowly, slowed, very slow, not resistant to hostile
enchantments, fairly stealthy
A: fangs 3, see invisible, unbreathing
a: Bat Form


You were on level 2 of the Dungeon.
You were very thirsty.

You visited 1 branch of the dungeon, and saw 2 of its levels.

You collected 78 gold pieces.

Inventory:

Missiles
 d - 31 stones (quivered)
 i - 24 sling bullets
 o - 8 poisoned needles
Armour
 a - a +0 robe (worn)
 j - a +2 shield
 m - a +2 cloak (worn)
 n - a +0 pair of boots (worn)
Scrolls
 f - a scroll of fear {unknown}
 g - 2 scrolls of identify {unknown}
 h - a scroll of enchant weapon {unknown}
 k - a scroll of fog {unknown}
Potions
 c - 5 potions of blood
 e - a potion of curing {unknown}
 l - a potion of ambrosia {unknown}
 p - a potion of flight {unknown}
Books
 b - a Young Poisoner's Handbook

   Spells                             Type                      Level
   a - Sting                          Conjuration/Poison           1
   b - Cure Poison                    Poison                       2
   c - Mephitic Cloud                 Conjuration/Poison/Air       3
   d - Olgreb's Toxic Radiance        Poison                       4
   e - Venom Bolt                     Conjuration/Poison           5


   Skills:
 * Level 2.7 Dodging
 * Level 4.2 Stealth
 + Level 2.4 Spellcasting
 - Level 3.6 Poison Magic


You had 5 spell levels left.
You knew the following spells:

 Your Spells              Type           Power        Failure   Level  Hunger
a - Sting                 Conj/Pois      #...         12%         1    #......


Dungeon Overview and Level Annotations

Branches:
Dungeon (2/15)

Altars:

Annotations:
D:2 exclusion: adder, Natasha


Innate Abilities, Weirdness & Mutations

You heal slowly.
You have razor-sharp teeth.
You have supernaturally acute eyesight.
You can survive without breathing.


Message History

Here: Natasha, carrying a wand of slowing {zapped: 4} (heavily wounded, poisoned)
The floor.
You hit Natasha but do no damage. Your bite misses Natasha.
Natasha is heavily wounded.
Natasha looks more healthy.
Natasha misses you. Natasha claws you but does no damage.
Casting: Sting
Confirm with . or Enter, or press ? or * to list all spells.
Aiming: Sting
Press: ? - help, Shift-Dir - straight line, f/p - Natasha
Aim: Natasha, carrying a wand of slowing {zapped: 4} (heavily wounded)
The sting hits Natasha.
Natasha is poisoned.
Natasha is heavily wounded.
Natasha barely misses you.
You closely miss Natasha.
Natasha is severely wounded.
Natasha claws you.
* * * LOW HITPOINT WARNING * * *
Natasha casts a spell at you. The magic dart hits you!
You die...

##...#...######## #..#
#.#####........# #..# #..
#...######.##### #..##
#.#.#.#.# #........# #....
....>#.###..#.##..# #....
...............#).# ###..
#.#.......#..#..#..#####).
# #.....#.#..##.#[.......†
#.....#.#...............
#.....#h#)..............
#.....#@#####.########..
##......# ##..# #..
##########.#.# #..
#.......## #..
?.....####..# ######..
.###. ####..# ........ #
#.....###.##.#.#. #
#.##.#......#..#.
...S#.##.#.#.........
.........#.#.....#...
##########.#....##.#.


You could see Natasha.

Vanquished Creatures
  A dart slug (D:1)
  2 giant geckos (D:1)
  2 ball pythons (D:2)
  5 hobgoblins (D:1)
  3 jackals (D:2)
  A kobold (D:1)
  3 bats
  A giant newt (D:1)
  2 goblins
  4 rats
24 creatures vanquished.

Notes
Turn   | Place    | Note
--------------------------------------------------------------
     0 | D:1      | CALLOUS the Vampire Venom Mage began the quest for the Orb.
     0 | D:1      | Reached XP level 1. HP: 13/13 MP: 3/3
   516 | D:1      | Reached XP level 2. HP: 19/19 MP: 1/5
   854 | D:1      | Reached skill level 4 in Stealth
  1457 | D:2      | Reached XP level 3. HP: 24/24 MP: 4/6
  1575 | D:2      | Noticed Natasha
  1591 | D:2      | Killed from afar by Natasha

Skill      XL: |  1  2 |
---------------+-------+-----
Stealth        | 4 |  4.2
Dodging        | |  2.7
Spellcasting   | |  2.4
Poison Magic   | |  3.6

Action                   || total
-------------------------++-------
Melee: Unarmed           ||    42
       Bite              ||     5
Throw: Stone             ||    19
 Cast: Sting             ||    39
 Abil: End Transformatio ||     3
       Bat Form          ||     3
 Stab: Sleeping          ||     1
Armor: Robe              ||    10
Dodge: Dodged            ||    46
